 Dungeon Crawl Stone Soup version 0.22-a0-443-g17c3723 (webtiles) character file.

49 4thArraOfDagon the Chopper (level 3, -7/34 HPs)
             Began as a Deep Dwarf Monk on June 1, 2018.
             Killed by divine providence
             ... invoked by an orc priest
              (10 damage)
             ... on level 4 of the Dungeon.
             The game lasted 00:01:25 (285 turns).

4thArraOfDagon the Chopper (Deep Dwarf Monk)         Turns: 285, Time: 00:01:26

Health: -7/34      AC:  5    Str: 15    XL:     3   Next: 51%
Magic:  3/3        EV: 12    Int: 10    God:
Gold:   31         SH:  0    Dex: 15    Spells: 2/2 levels left

rFire    . . .     SeeInvis .   a - +0 hand axe
rCold    . . .     Gourm    .   (no shield)
rNeg     . . .     Faith    .   d - +0 ring mail
rPois    .         Spirit   .   (no helmet)
rElec    .         Reflect  .   (no cloak)
rCorr    .         Harm     .   (no gloves)
MR       .....                  (no boots)
Stlth    ..........             (no amulet)
HPRegen  0.00/turn              (no ring)
MPRegen  0.08/turn              (no ring)

@: confused, non-regenerating
A: damage resistance, heal wounds, sense surroundings 1, no regeneration
a: Heal Wounds


You were on level 4 of the Dungeon.
You were not hungry.

You visited 1 branch of the dungeon, and saw 4 of its levels.

You collected 31 gold pieces.

Inventory:

Hand Weapons
 a - a +0 hand axe (weapon)
Armour
 b - a +0 robe
 d - a +0 ring mail (worn)
Scrolls
 e - a scroll of random uselessness {unknown}
 f - a scroll of immolation {unknown}
 g - a scroll of blinking {unknown}
Comestibles
 c - 3 rations


   Skills:
 + Level 3.0 Fighting
 * Level 4.1 Axes
 + Level 1.3 Armour
 + Level 3.6 Dodging
 - Level 2.4 Stealth


You had 2 spell levels left.
You didn't know any spells.
Your spell library was empty.

Dungeon Overview and Level Annotations

Branches:
Dungeon (4/15)
 Temple: D:4-7

Altars:


Innate Abilities, Weirdness & Mutations

You are resistant to damage.
You can heal yourself by infusing magical energy.
You passively map a small area around you.
You do not regenerate.


Message History

You hit the orc wizard.
The orc wizard is moderately wounded.
The orc wizard misses you.
You bump into the rock wall.
The orc wizard hits you but does no damage.
The orc priest mumbles some strange prayers to Beogh against you.
Beogh smites you!
* * * LOW HITPOINT WARNING * * *
The orc wizard points at you and mumbles some strange words.
You are more confused.
You bump into the rock wall.
You're too confused to move!
The orc wizard barely misses you.
You miss the orc priest. You hit the orc wizard.
The orc priest hits you but does no damage.
The orc wizard hits you but does no damage.
Unknown command.
You bump into the rock wall.
The orc priest mumbles some strange prayers to Beogh against you.
Beogh smites you!
You die...

, * #.........'...
########.##.#... *
#........##.#... , *
,****
#.##.....##.#### + #.
#............ , ,
######.##....###...†)
** ,,,
...##.........+...)<
* ,
##.####.......#.....
,+.o@..'^......#.....
,,
##o####.......#.....
..o# #########.....
.....# * #....### ,
#...... , ..<....# ,
###.... ........
#.... ........ ###.##
........ + ,* , *
.....#.,


You could see an orc priest, an orc wizard and an orc.

Vanquished Creatures
  3 adders
  A dart slug (D:3)
  3 leopard geckos
  2 orcs (D:4)
  2 goblins
  2 hobgoblins
  A kobold (D:3)
  A bat (D:2)
  A rat (D:1)
16 creatures vanquished.

Notes
Turn   | Place    | Note
-------+----------+-------------------------------------------
     0 | D:1      | 4thArraOfDagon the Deep Dwarf Monk began the quest for the Orb.
     0 | D:1      | Reached XP level 1. HP: 20/20 MP: 1/1
    94 | D:2      | Reached XP level 2. HP: 17/27 MP: 2/2
   128 | D:3      | Reached skill level 1 in Armour
   230 | D:4      | Reached XP level 3. HP: 22/33 MP: 3/3
   239 | D:4      | Reached skill level 4 in Axes
   285 | D:4      | Killed from afar by an orc priest

Vault maps used:
D:1:      dpeg_arrival_yet_another_circle, cheibriados_altar_1
D:2:      uniq_crazy_yiuf_cottage
D:3:      first_ration
D:4:      kennysheep_generic_room_16, uniq_edmund, uniq_duvessa

Skill      XL: |  1  2  3 |
---------------+----------+-----
Armour         | 1 |  1.3
Fighting       | 3 |  3.0
Axes           | 4 |  4.1
Dodging        | |  3.6
Stealth        | |  2.4

Action                   || total
-------------------------++-------
Melee: Hand axe          ||    53
 Abil: Heal Wounds       ||     1
Armor: Robe              ||     5
       Ring mail         ||    20
Dodge: Dodged            ||    40

Table legend:
 A = Spawn XP
 B = Non-spawn XP
 C = Spawn XP percentage of total XP
 D = Spawn monster count
 E = Non-spawn monster count
 F = Spawn count percentage of total count
 G = Total turns spent on level
                    A         B        C        D         E        F      G
               +---------+---------+-------+---------+---------+-------+---------
         Total |       0 |      70 |   0.0 |       0 |      16 |   0.0 |   285
               +---------+---------+-------+---------+---------+-------+---------
           D:1 |       0 |       9 |   0.0 |       0 |       4 |   0.0 |    60
           D:2 |       0 |       8 |   0.0 |       0 |       4 |   0.0 |    57
           D:3 |       0 |      21 |   0.0 |       0 |       4 |   0.0 |   111
           D:4 |       0 |      32 |   0.0 |       0 |       4 |   0.0 |    57
               +---------+---------+-------+---------+---------+-------+---------
